 Dungeon Crawl Stone Soup version 0.29.1-15-g9cfb28693d (webtiles) character file.

Game seed: 9834433352367592426

68 Coltbek the Cudgeller (level 4, -7/48 HPs)
             Began as an Ogre Chaos Knight on Mar 20, 2023.
             Was a Plaything of Xom.
             Mangled by vampirul's ghost (20 damage)
             ... on level 3 of the Dungeon.
             The game lasted 00:08:22 (1192 turns).

Coltbek the Cudgeller (Ogre Chaos Knight)           Turns: 1192, Time: 00:08:25

Health: -7/48      AC:  5    Str: 18    XL:     4   Next: 19%
Magic:  4/4        EV:  9    Int: 13    God:    Xom [..*...]
Gold:   103        SH:  0    Dex:  8    Spells: 3/3 levels left

rFire   + . .      SeeInvis .   a - +0 mace (chaos)
rCold   x . .      Faith    .   (no shield)
rNeg    . . .      Spirit   .   b - +2 robe
rPois   .          Reflect  .   (helmet restricted)
rElec   .          Harm     .   (no cloak)
rCorr   .          Rampage  .   (gloves unavailable)
Will    .....                   (boots unavailable)
Stlth   +.........              (no amulet)
HPRegen 0.16/turn               j - ring of fire
MPRegen 0.09/turn               (no ring)

@: hasted, very quick
A: large, unfitting armour, tough skin 1
a: Renounce Religion


You were on level 3 of the Dungeon.
You worshipped Xom.
You were a toy of Xom.
You visited 1 branch of the dungeon, and saw 3 of its levels.

You collected 103 gold pieces.

Inventory:

Hand Weapons
 a - a +0 mace of chaos (weapon)
Armour
 b - a +2 robe (worn)
 i - a +0 pair of gloves
 k - a +0 buckler
Jewellery
 j - a ring of fire (left hand)
 l - a ring of magical power
Scrolls
 d - 4 scrolls of teleportation
 e - a scroll of identify
 h - 2 scrolls of blinking
 m - a scroll of torment {unknown}
Potions
 f - a potion of lignification
 g - a potion of curing
Miscellaneous
 c - a piece from Xom's chessboard (12/15) (quivered)


   Skills:
 - Level 4.1 Fighting
 + Level 4.4 Maces & Flails
 - Level 2.2 Dodging


You had 3 spell levels left.
You didn't know any spells.
Your spell library was empty.

Dungeon Overview and Level Annotations

Branches:
Dungeon (3/15)

Altars:

Annotations:
D:3 vampirul's ghost, amateur FoFi


Innate Abilities, Weirdness & Mutations

You are too large for most types of armour.
You have tough skin. (AC +1)


Message History

Done exploring.
Done exploring.
There is a stone staircase leading down here.
You climb downwards.
The frilled lizard hisses angrily.
Found 2 scrolls labelled TUPSEZEVES and a murky grey potion.
Found a stone staircase leading up.
Found a runed translucent door.
There is a stone staircase leading up here.
A frilled lizard is nearby!
The frilled lizard barely misses you. The frilled lizard bites you.
The frilled lizard bites you.
You hit the frilled lizard.
You kill the frilled lizard!
You see here a frilled lizard corpse.
m - a scroll labelled TUPSEZEVES HP restored.
Found a ring mail.
You open the door. You barely miss vampirul's ghost. Xom smiles on you.
You feel yourself speed up. Vampirul's ghost hits you!!
Vampirul's ghost freezes you.
You hit vampirul's ghost. You freeze vampirul's ghost.
Vampirul's ghost is lightly damaged.
Vampirul's ghost barely misses you.
You hit vampirul's ghost. You burn vampirul's ghost.
Vampirul's ghost is moderately damaged.
Vampirul's ghost hits you! Vampirul's ghost freezes you!
* * * LOW HITPOINT WARNING * * *
Non-targeted evoke: piece from Xom's chessboard (14/15)
Press: ? - help, Q - select action Dir - look around, f - activate Look: vampirul's ghost, wielding a weapon of freezing (moderately damaged)
You make a move on Xom's chessboard...
Vampirul's ghost is unaffected.
Non-targeted evoke: piece from Xom's chessboard (13/15)
Press: ? - help, Q - select action Dir - look around, f - activate You make a move on Xom's chessboard...
Vampirul's ghost is outlined in light.
Vampirul's ghost hits you!!
You die...
Xom howls with laughter!

.. ######### .#
#<......#.. .
#...†...#.# ..
#.......#.# ...
#......<..##### ....
#..............
[....
#......@....###
......#......#W#...#
#.......##.##...#
##.....##...##...
##...##.....##..
##..#⌠.!♣?.⌠#..
#..##.....##..
#...##...##...
#....##⌠#


You could see vampirul's ghost (corona).

Vanquished Creatures
  An adder (D:2)
  2 worms (D:2)
  8 ball pythons
  4 endoplasms (D:2)
  2 giant cockroaches (D:1)
  4 goblins
  3 hobgoblins
  5 jackals
  3 quokkas (D:1)
  5 bats
  3 frilled lizards
  2 kobolds
  6 rats
48 creatures vanquished.

Notes
Turn   | Place    | Note
-------+----------+-------------------------------------------
     0 | D:1      | Coltbek the Ogre Chaos Knight began the quest for the Orb.
     0 | D:1      | Reached XP level 1. HP: 24/24 MP: 1/1
   180 | D:1      | Reached XP level 2. HP: 31/32 MP: 2/2
   452 | D:1      | Reached XP level 3. HP: 38/39 MP: 3/3
   497 | D:1      | Found a faded altar of an unknown god.
   816 | D:2      | Reached XP level 4. HP: 45/48 MP: 4/4
  1149 | D:3      | Noticed vampirul's ghost (amateur FoFi)
  1149 | D:3      | Found a runed translucent door.
  1188 | D:3      | XOM: potion effect (haste)
  1192 | D:3      | Mangled by vampirul's ghost

Illustrated notes

Levels and vault maps discovered:
D:1:      nicolae_arrival_washed_ashore, layout_basic,
          dilly_ecumenical_altar_fadedgnrine
D:2:      layout_basic, st_stairs_10, minmay_door_square, minmay_crystal_room
D:3:      layout_rooms, grunt_temple_overflow_opulence,
          overflow_temple_1_default, serial_shops,
          nicolae_shop_competitors_out_of_business,
          nicolae_shop_advertising_works [nicolae_subvault_shop_adworks],
          hellmonk_ghost_happy_afterlife, reono_crystal_passage,
          minmay_diced_spiral, uniq_natasha

Skill      XL: |  1  2  3 |
---------------+----------+-----
Maces & Flails | 3 4 |  4.4
Fighting       | |  4.1
Dodging        | |  2.2

Action                   |  1- 3 |  4- 6 || total
-------------------------+-------+-------++-------
Melee: Mace              |   101 |    27 ||   128
Evoke: Piece from Xom's  |     2 |     2 ||     4
  Use: Scroll            |     1 |     3 ||     4
Armor: Robe              |    48 |     7 ||    55
Dodge: Dodged            |    75 |    16 ||    91
